 Dungeon Crawl Stone Soup version 0.26-a0-812-g31a745ddcd (webtiles) character file.

Game seed: 1602967524943954063

182 Azzok the Skirmisher (level 5, 37/63 HPs)
             Began as a Demonspawn Berserker on Nov 15, 2020.
             Was a Follower of Trog.
             Quit the game on level 2 of the Dungeon.
             The game lasted 00:01:06 (1273 turns).

Azzok the Skirmisher (Demonspawn Berserker)         Turns: 1273, Time: 00:01:06

Health: 37/63      AC:  7    Str: 18    XL:     5   Next: 35%
Magic:  5/5        EV: 11    Int:  9    God:    Trog [*.....]
Gold:   68         SH:  0    Dex: 12    Spells: 4/4 levels left

rFire    . . .     SeeInvis .   a - +0 hand axe
rCold    . . .     Faith    .   (no shield)
rNeg     . . .     Spirit   .   c - +0 scale mail
rPois    .         Reflect  .   h - +0 helmet
rElec    .         Harm     .   (no cloak)
rCorr    .         Rampage  .   (no gloves)
MR       .....                  (no boots)
Stlth    ..........             (no amulet)
HPRegen  0.20/turn              (no ring)
MPRegen  0.09/turn              (no ring)

@: berserking, very quick
A: talons 2, demonic guardian 1
a: Berserk, Renounce Religion


You were on level 2 of the Dungeon.
You worshipped Trog.
Trog was aware of your devotion.
You visited 1 branch of the dungeon, and saw 2 of its levels.

You collected 68 gold pieces.

Inventory:

Hand Weapons
 a - a +0 hand axe (weapon)
Armour
 b - a +0 animal skin
 c - a +0 scale mail (worn)
 h - a +0 helmet (worn)
Scrolls
 g - a scroll of noise {unknown}
Potions
 d - a potion of attraction {unknown}
 e - a potion of haste {unknown}
 f - a potion of mutation {unknown}
 i - a potion of ambrosia {unknown}


   Skills:
 + Level 4.0 Fighting
 + Level 3.6 Axes
 + Level 3.0 Armour
 + Level 2.9 Dodging


You had 4 spell levels left.
You didn't know any spells.
Your spell library was empty.

Dungeon Overview and Level Annotations

Branches:
Dungeon (2/15)

Altars:


Innate Abilities, Weirdness & Mutations

You have razor-sharp toenails.
A weak demonic guardian rushes to your aid.


Message History

Sigmund is heavily wounded.
Sigmund hits you but does no damage.
You hit Sigmund. You claw Sigmund!
Sigmund is almost dead.
You closely miss Sigmund.
Sigmund is almost dead.
Sigmund hits you with a +0 scythe!
You closely miss Sigmund. You claw Sigmund.
You kill Sigmund!
Trog accepts your kill.
Trog appreciates your killing of a magic user.
Your Fighting skill increases to level 4!
Your Armour skill increases to level 3!
You have reached level 4!
You feel clever.
Your demonic ancestry asserts itself...
Your toenails lengthen and sharpen.
You have reached level 5!
Your demonic ancestry asserts itself...
You feel the presence of a demonic guardian.
Are you sure you want to abandon this character and quit the game? (Confirm with "yes".)

▒·····▒ ▒·▒
▒·····▒ ▒·▒
▒▒▒▒·····▒▒▒▒▒▒▒·▒
·················▒
▒▒·····▒·▒▒▒▒▒▒▒▒▒
▒▒·[··▒·▒ ▒▒···▒·▒
▒▒··▒$▒▒▒▒▒▒
▒··@········
▒··)·▒▒▒▒▒▒▒
▒····▒ ······▒
··$····▒ ▒▒▒▒▒··▒▒
▒··▒ ▒▒▒▒


There were no monsters in sight!

Vanquished Creatures
  Sigmund (D:2)
  2 oozes (D:1)
  A dart slug (D:1)
  A giant cockroach (D:1)
  3 goblins (D:1)
  6 hobgoblins
  A bat (D:2)
  3 rats (D:2)
18 creatures vanquished.

Notes
Turn   | Place    | Note
-------+----------+-------------------------------------------
     0 | D:1      | Azzok the Demonspawn Berserker began the quest for the Orb.
     0 | D:1      | Reached XP level 1. HP: 18/18 MP: 1/1
   436 | D:1      | Gained mutation: You have sharp toenails. [demonic
                  | ancestry]
   436 | D:1      | Reached XP level 2. HP: 24/24 MP: 2/2
  1259 | D:2      | Reached XP level 3. HP: 29/29 MP: 3/3
  1264 | D:2      | Noticed Sigmund
  1272 | D:2      | Killed Sigmund
  1272 | D:2      | Reached skill level 4 in Fighting
  1272 | D:2      | Gained mutation: You have razor-sharp toenails. [demonic
                  | ancestry]
  1272 | D:2      | Reached XP level 4. HP: 33/37 MP: 4/4
  1272 | D:2      | Gained mutation: A weak demonic guardian rushes to your
                  | aid. [demonic ancestry]
  1272 | D:2      | Reached XP level 5. HP: 37/42 MP: 5/5
  1273 | D:2      | Quit the game

Illustrated notes

Levels and vault maps discovered:
D:1:      nicolae_arrival_somewhat_less_tricky_arrival, layout_basic,
          kennysheep_flooded_box
D:2:      minmay_inner_zag, layout_loops_ring, uniq_robin, uniq_sigmund

Skill      XL: |  1  2  3 |
---------------+----------+-----
Armour         | 2 3 |  3.0
Dodging        | 2 |  2.9
Axes           | 3 |  3.6
Fighting       | 4 |  4.0

Action                   |  1- 3 |  4- 6 || total
-------------------------+-------+-------++-------
Melee: Hand axe          |    45 |       ||    45
       Kick              |    17 |       ||    17
Invok: Berserk           |     1 |       ||     1
Armor: Scale mail        |    19 |       ||    19
Dodge: Dodged            |    40 |       ||    40

Table legend: (Time is in decaauts)
 A = Elapsed time spent in this place.
 B = Non-inter-level travel time spent in this place.
 C = Inter-level travel time spent in this place.
 D = Time resting spent in this place.
 E = Time spent auto-exploring this place.
 F = Levels seen in this place.
 G = Mean time per level.
                   A        B        C        D        E       F      G
               +--------+--------+--------+--------+--------+-----+--------+
         Total |   1278 |   1256 |     22 |      0 |   1101 |   2 |  639.0 |
       Dungeon |   1278 |   1256 |     22 |      0 |   1101 |   2 |  639.0 |
               +--------+--------+--------+--------+--------+-----+--------+

Top non-repeatable levels by time:
     D:1: 1125 daAuts
     D:2: 152 daAuts
